 Dungeon Crawl Stone Soup version 0.31-a0-1610-g9787180647 (webtiles) character file.

Game seed: 5801947380877868594

157 utilitronium the Covered (level 5, -5/46 HPs)
             Began as a Minotaur Fighter on Jan 8, 2024.
             Slain by Menkaure (17 damage)
             ... on level 4 of the Dungeon.
             The game lasted 00:20:29 (3084 turns).

utilitronium the Covered (Minotaur Fighter)         Turns: 3084, Time: 00:20:30

Health: -5/46      AC:  7    Str: 23    XL:     5   Next: 15%
Magic:  4/4        EV:  9    Int:  5    God:
Gold:   127        SH:  4    Dex:  9    Spells: 4/4 levels left

rFire   . . .        a - +0 war axe
rCold   . . .        c - +0 buckler
rNeg    . . .        b - +0 scale mail
rPois   .            (helmet restricted)
rElec   .            (no cloak)
rCorr   .            (no gloves)
SInv    .            (no boots)
Will    .....        (no amulet) Stlth
                     (no ring)
HPRegen 0.27/turn    (no ring)
MPRegen 0.09/turn

%: no passive effects
@: no status effects
A: horns 2, retaliatory headbutt
a: no special abilities


You were on level 4 of the Dungeon.
You visited 1 branch of the dungeon, and saw 4 of its levels.

You collected 127 gold pieces.

Inventory:

Hand Weapons
 a - a +0 war axe (weapon)
 d - a +0 whip
 e - a +0 whip
 k - a +0 whip
 m - a +0 spear
 n - a +0 dagger
 p - a +0 club
 t - a +0 flail
 u - a +0 short sword
 v - a +0 spear
 w - a +0 whip
 x - a +0 spear
 y - a +0 spear
 z - a +0 club
 A - a +0 whip
 D - a +0 flail
 L - a +0 mace
Missiles
 F - a throwing net (quivered)
 J - 4 stones
Armour
 b - a +0 scale mail (worn)
 c - a +0 buckler (worn)
 h - a +0 leather armour
 q - a +0 robe
 B - a +0 ring mail
 I - a +0 helmet
 K - a +0 plate armour
 M - a +0 leather armour
Talismans
 i - a blade talisman
 E - a beast talisman
Wands
 N - a wand of acid (12)
Scrolls
 j - a scroll of amnesia {unknown}
 l - a scroll of enchant weapon {unknown}
 o - a scroll of revelation {unknown}
 s - 3 scrolls of teleportation {unknown}
 O - a scroll of summoning {unknown}
Potions
 f - a potion of cancellation {unknown}
 g - a potion of ambrosia {unknown}
 r - a potion of curing
 C - a potion of might
 G - a potion of lignification {unknown}
 H - a potion of mutation {unknown}


   Skills:
 + Level 4.0 Fighting
 + Level 3.5 Axes
 + Level 5.7 Armour
 + Level 0.2 Dodging
 + Level 4.3 Shields


You had 4 spell levels left.
You didn't know any spells.
Your spell library was empty.

Dungeon Overview and Level Annotations

Branches:
Dungeon (4/15)
 Temple: D:4-7

Altars:

Annotations:
D:4 Menkaure


Innate Abilities, Weirdness & Mutations

You have a pair of horns on your head.
You reflexively headbutt those who attack you in melee.


Message History

You open the door.
There is an open door here.
A hobgoblin comes into view.
The hobgoblin shouts!
Menkaure, Prince of Dust comes into view.
Menkaure shouts!
You hear a shout!
Menkaure whispers in an indecipherable tongue.
A kobold comes into view. It is wielding a +0 club.
You barely miss the hobgoblin. Your headbutt misses the hobgoblin.
Menkaure rustles in an indecipherable tongue.
The hobgoblin hits you but does no damage.
Menkaure calls on the powers of darkness!
The kobold convulses!
The hobgoblin convulses!
Your body is wracked with pain!
It was a potion of curing.
You feel better.
The hobgoblin hits you but does no damage.
You completely miss the hobgoblin.
The hobgoblin is lightly wounded.
The hobgoblin hits you but does no damage.
You barely miss the hobgoblin.
The hobgoblin is lightly wounded.
The hobgoblin hits you.
The hobgoblin hits you but does no damage.
The kobold hits you but does no damage.
You hit the hobgoblin. You headbutt the hobgoblin.
You kill the hobgoblin!
You closely miss the kobold.
Menkaure gestures wildly while chanting.
Menkaure seems to speed up.
The kobold completely misses you. You furiously retaliate!
You headbutt the kobold.
You kill the kobold!
You hit Menkaure. You headbutt Menkaure.
Menkaure is moderately damaged.
Menkaure hits you!
You feel better. Menkaure misses you.
You hit Menkaure. Your headbutt misses Menkaure.
Menkaure is heavily damaged.
Menkaure hits you!
* * * LOW HITPOINT WARNING * * *
Menkaure hits you!
You die...

#........#.######
#....#...#......#
#...>.....(.$?...
##'####..........
#...............
######.#........
#.'........
###........
#@.......
#)M.......
#.........
#.........
....###### .....#
.....# ......#


You could see Menkaure (fast).

Vanquished Creatures
  8 gnolls (D:2)
  2 adders
  2 dart slugs
  A ribbon worm (D:2)
  An orc (D:3)
  2 ball pythons
  6 bats
  7 endoplasms
  2 giant cockroaches (D:1)
  3 goblins (D:1)
  7 hobgoblins
  4 kobolds
  4 quokkas
  2 frilled lizards
  5 rats
56 creatures vanquished.

Notes
Turn   | Place    | Note
-------+----------+-------------------------------------------
     0 | D:1      | utilitronium the Minotaur Fighter began the quest for the
                  | Orb.
     0 | D:1      | Reached XP level 1. HP: 19/19 MP: 0/0
   763 | D:1      | Found a faded altar of an unknown god.
   900 | D:1      | Reached XP level 2. HP: 14/27 MP: 1/1
   977 | D:1      | Reached skill level 4 in Armour
  1334 | D:1      | Reached XP level 3. HP: 28/33 MP: 2/2
  1901 | D:2      | Reached skill level 5 in Armour
  1901 | D:2      | Reached XP level 4. HP: 4/40 MP: 3/3
  2698 | D:3      | Reached XP level 5. HP: 46/46 MP: 4/4
  3075 | D:4      | Noticed Menkaure
  3084 | D:4      | Slain by Menkaure

Illustrated notes

Levels and vault maps discovered:
D:1:      dpeg_arrival_leaves_temple_mockup, layout_basic, serial_forest,
          infiniplex_forest_corner_1, infiniplex_forest_clump_long,
          infiniplex_forest_lined_ring, infiniplex_forest_end_3,
          infiniplex_forest_zigzag_1, infiniplex_forest_clump_tiny,
          dilly_ecumenical_altar_fadedgnrine
D:2:      layout_loops_ring, kennysheep_big_empty_room
D:3:      layout_rooms
D:4:      layout_basic, mainiacjoe_overflow_cross_hatched,
          mainiacjoe_overflow_small_starburst, kennysheep_generic_room_16,
          uniq_grinder, uniq_menkaure

Skill      XL: |  1  2  3  4 |
---------------+-------------+-----
Armour         | 4 5 |  5.7
Shields        | 4 |  4.3
Fighting       | 4 |  4.0
Axes           | 3 |  3.5
Dodging        | |  0.2

Action                     |  1- 3 |  4- 6 || total
---------------------------+-------+-------++-------
  Melee: War axe           |   437 |    51 ||   488
         Headbutt          |   136 |    11 ||   147
    Use: Potion            |     1 |     2 ||     3
 Armour: Scale mail        |    42 |    44 ||    86
  Dodge: Dodged            |    30 |    31 ||    61
  Block: Buckler           |    15 |    11 ||    26

Table legend: (Time is in decaauts)
 A = Elapsed time spent in this place.
 B = Non-inter-level travel time spent in this place.
 C = Inter-level travel time spent in this place.
 D = Time resting spent in this place.
 E = Time spent auto-exploring this place.
 F = Levels seen in this place.
 G = Mean time per level.
                   A        B        C        D        E       F      G
               +--------+--------+--------+--------+--------+-----+--------+
         Total |   3280 |   3278 |      2 |    137 |      0 |   4 |  820.0 |
       Dungeon |   3280 |   3278 |      2 |    137 |      0 |   4 |  820.0 |
               +--------+--------+--------+--------+--------+-----+--------+

Top non-repeatable levels by time:
     D:1: 1995 daAuts
     D:2: 833 daAuts
     D:3: 421 daAuts
     D:4: 30 daAuts
